 Dungeon Crawl Stone Soup version 0.21.1-1-g345015f (webtiles) character file.

11172 beigtais the Cleaver (level 11, -18/83 HPs)
             Began as a Demonspawn Fighter on May 29, 2018.
             Was a High Priest of Trog.
             Killed from afar by a frost giant (24 damage)
             ... with a bolt of cold
             ... on level 10 of the Dungeon.
             The game lasted 01:01:50 (9543 turns).

beigtais the Cleaver (Demonspawn Fighter)           Turns: 9543, Time: 01:01:51

Health: -18/83     AC: 22    Str: 21    XL:     11   Next: 45%
Magic:  11/11      EV:  7    Int:  9    God:    Trog [*****.]
Gold:   385        SH: 15    Dex: 15    Spells: 10/10 levels left

rFire    + . .     SeeInvis .   d - +5 war axe
rCold    + . .     Gourm    .   c - +0 shield
rNeg     + . .     Faith    .   D - +1 plate armour "Ihul Tue" {Str+3}
rPois    +         Spirit   .   l - -2 hat of the Alchemist {rElec rPois rF+ rC+ rN+ MR+ rMut rCorr}
rElec    +         Reflect  +   (no cloak)
rCorr    +         Harm     .   B - +0 pair of gloves
rMut     +                      (no boots)
MR       ++...                  k - +4 amulet of reflection
Stlth    ..........             i - ring of resist corrosion
HPRegen  0.23/turn              s - ring of protection from magic
MPRegen  0.12/turn

@: sanguine armour
A: antennae 1, demonic guardian 1, nightstalker 1, sanguine armour 2
a: Berserk, Trog's Hand, Brothers in Arms, Burn Spellbooks, Renounce Religion


You were on level 10 of the Dungeon.
You worshipped Trog.
Trog was extremely pleased with you.
You were not hungry.

You visited 2 branches of the dungeon, and saw 11 of its levels.
You also visited: Bailey.

You collected 385 gold pieces.

Inventory:

Hand Weapons
 d - a +5 war axe (weapon)
 j - a +0 antimagic hand axe
 n - a +0 long sword
 H - a +0 blowgun
Missiles
 h - 8 curare-tipped needles
 m - 23 tomahawks (quivered)
 o - a throwing net
 q - 2 poisoned tomahawks
 I - 27 poisoned needles
Armour
 c - a +0 shield (worn)
 l - the -2 hat of the Alchemist (worn) {rElec rPois rF+ rC+ rN+ MR+ rMut rCorr}
   (You found it in a bailey)

   It protects you from fire.
   It protects you from cold.
   It insulates you from electricity.
   It protects you from poison.
   It protects you from negative energy.
   It affects your resistance to hostile enchantments.
   It protects you from acid and corrosion.
   It protects you from mutation.
 y - a +2 plate armour of poison resistance
 B - a +0 pair of gloves (worn)
 D - the +1 plate armour "Ihul Tue" (worn) {Str+3}
   (You found it on level 9 of the Dungeon)

   It affects your strength (+3).
Jewellery
 g - an uncursed amulet of regeneration
 i - a ring of resist corrosion (left hand)
 k - a +4 amulet of reflection (around neck)
 s - a ring of protection from magic (right hand)
Wands
 v - a wand of digging (12)
 x - a wand of polymorph (14)
 C - a wand of iceblast (5)
Scrolls
 p - 7 scrolls of identify
 r - a scroll of immolation
 t - 3 scrolls of teleportation
 u - a scroll of fog
 A - 3 scrolls of remove curse
 F - a scroll of fear
Potions
 a - 2 potions of resistance
 b - a potion of cancellation
 e - a potion of flight
 w - a potion of ambrosia
 z - a potion of heal wounds
 G - a potion of lignification
Comestibles
 f - 26 rations
 E - 5 chunks of flesh


   Skills:
 * Level 6.9 Fighting
 + Level 5.2 Long Blades
 * Level 8.5 Axes
 * Level 4.3 Throwing
 * Level 7.7 Armour
 * Level 5.2 Dodging
 + Level 1.2 Stealth
 * Level 7.3 Shields
 + Level 0.7 Evocations


You had 10 spell levels left.
You didn't know any spells.

Dungeon Overview and Level Annotations

Branches:
Dungeon (10/15)            Temple (1/1) D:4            Lair (0/6) D:10
    Orc: D:9-12

Altars:
Ashenzari
Gozag
Hepliaklqana
Kikubaaqudgha
Makhleb
Nemelex Xobeh
Okawaru
Trog
Wu Jian
Xom
Yredelemnul
Zin
The Shining One

Shops:
D:10 *


Innate Abilities, Weirdness & Mutations

You have a pair of small antennae on your head.
A weak demonic guardian rushes to your aid.
You are slightly more attuned to the shadows.
When seriously injured, your bleeding wounds create thick armour. (AC +9)


Message History

The stone arrow misses you.
You hit the frost giant.
The frost giant is moderately wounded.
The frost giant gestures at you while chanting.
The bolt of cold hits you! You resist.
Your blood congeals into armour.
Your shield and plate armour "Ihul Tue" prevent you from hitting the gargoyle.
The gargoyle is severely damaged.
You slash the frost giant! You block the gargoyle's attack.
The frost giant gestures at you while chanting.
The bolt of cold hits you! You resist.
* * * LOW HITPOINT WARNING * * *
The frost giant casts a spell at you. The bolt of cold hits you! You resist.
* * * LOW HITPOINT WARNING * * *
You swap places.
The necromancer gestures wildly while chanting.
The necromancer binds the souls of nearby monsters.
The frost giant casts a spell at you. The bolt of cold hits you! You resist.
You die...

#.# ##'#### #....##≈≈♣...
###.# #.p.#.# #[...#≈≈♣.♣.♣
.##.#{
##.{p.#####....#≈♣...♣. ....#
##.#..#.......'..♣.♣.♣ .##.#
###C.####..<.'...♣.⌠. .##.#
#..####....'.[♣.♣.♣ .##.#
#.5.#......#≈♣...♣. .##.#
#...#.####.#≈≈♣.♣.♣ .####
#.@.#.)....##≈≈♣... .###
#...#)#.######≈≈♣.♣
...#############'##.##.##
##≈≈♣.
##.##.#........[........#
###≈≈♣
#.##.#..#.....#..#.##..#
#.##≈≈
#.##.#.#....#.##.#.#.#.#
#.###≈
#.##.#.####.#.##....##.# #.#
##
#.##.#.###..#.##.#.###.####.#
#.##..........##.#..........#


You could see a frost giant (inner flame), a necromancer (inner flame) and a
friendly quasit.

Vanquished Creatures
  A two-headed ogre (D:8)
  The ghost of Frank the Carver, a novice OpFi (D:6)
  2 orc knights (Bailey)
  An orc sorcerer (Bailey)
  A kobold demonologist (Bailey)
  A komodo dragon (D:10)
  3 trolls
  Prince Ribbit (D:6)
  4 hippogriffs
  The ghost of johnjohn the Cudgeler, an amateur TrBe of Trog (D:4)
  5 yaks (D:10)
  A water moccasin (D:9)
  10 orc warriors
  2 ice beasts
  2 phantoms
  A sky beast (D:9)
  3 ogres
  A necrophage (D:6)
  5 centaurs
  A big kobold (D:10)
  7 bullfrogs
  4 scorpions
  A wyvern skeleton (D:10)
  4 killer bees (D:9)
  5 wights
  6 electric eels
  A howler monkey (D:7)
  8 crimson imps
  A quasit (D:7)
  3 bullfrog skeletons
  6 hounds
  2 orc priests
  2 centaur skeletons (D:10)
  An iguana (D:9)
  4 orc wizards
  9 worker ants
  2 hound zombies
  A hound skeleton (D:7)
  A worker ant zombie (D:10)
  5 gnolls (Bailey)
  12 adders
  A howler monkey skeleton (D:6)
  4 shadow imps
  An ooze (D:2)
  2 adder skeletons (D:5)
  3 worms
  4 dart slugs
  2 leopard geckos
  31 orcs
  5 bats
  3 giant cockroaches
  14 goblins
  9 hobgoblins
  6 jackals
  13 kobolds
  A quokka (D:2)
  2 ball pythons
  2 frilled lizards
  A giant cockroach zombie (D:5)
  2 leopard gecko skeletons
  13 rats
  A plant (D:10)
252 creatures vanquished.

Vanquished Creatures (collateral kills)
  A centaur zombie (D:10)
  3 yaks (D:10)
  An orc (D:9)
5 creatures vanquished.

Vanquished Creatures (others)
  A centaur (D:9)
  A kobold (D:10)
  2 plants (D:10)
4 creatures vanquished.

Grand Total: 261 creatures vanquished

Notes
Turn   | Place    | Note
-------+----------+-------------------------------------------
     0 | D:1      | beigtais the Demonspawn Fighter began the quest for the Orb.
     0 | D:1      | Reached XP level 1. HP: 18/18 MP: 1/1
   132 | D:1      | Gained mutation: You have a pair of small antennae on your head. [demonic ancestry]
   132 | D:1      | Reached XP level 2. HP: 24/24 MP: 2/2
   239 | D:1      | Reached skill level 2 in Axes
   923 | D:2      | Reached XP level 3. HP: 29/29 MP: 3/3
  1756 | D:3      | Gained mutation: When seriously injured, your bleeding wounds create armour. (AC +9) [demonic ancestry]
  1756 | D:3      | Reached XP level 4. HP: 34/35 MP: 4/4
  2053 | D:4      | Noticed johnjohn's ghost (amateur TrBe)
  2064 | D:4      | Killed johnjohn's ghost
  2064 | D:4      | Reached skill level 1 in Long Blades
  2064 | D:4      | Reached skill level 3 in Axes
  2064 | D:4      | Reached skill level 1 in Dodging
  2064 | D:4      | Reached XP level 5. HP: 36/41 MP: 5/5
  2071 | D:4      | Reached XP level 6. HP: 43/48 MP: 6/6
  2246 | D:4      | Found a staircase to the Ecumenical Temple.
  2251 | Temple   | Entered the Ecumenical Temple
  2263 | Temple   | Became a worshipper of Trog the Wrathful
  2655 | D:5      | Entered Level 5 of the Dungeon
  2896 | D:5      | Reached XP level 7. HP: 35/53 MP: 7/7
  3026 | D:5      | Reached * piety under Trog
  3205 | D:5      | Found a shimmering altar of Xom.
  3205 | D:5      | Found a glowing silver altar of Zin.
  3206 | D:5      | Found an ornate altar of the Wu Jian Council.
  3435 | D:6      | Noticed Frank's ghost (novice OpFi)
  3459 | D:6      | Killed Frank's ghost
  3459 | D:6      | Reached skill level 5 in Armour
  3459 | D:6      | Gained mutation: You are slightly more attuned to the shadows. [demonic ancestry]
  3459 | D:6      | Reached XP level 8. HP: 27/61 MP: 8/8
  3574 | D:6      | Reached skill level 5 in Long Blades
  3747 | D:6      | Noticed Prince Ribbit
  3756 | D:6      | Reached skill level 1 in Stealth
  3817 | D:6      | Killed Prince Ribbit
  3817 | D:6      | Reached skill level 1 in Throwing
  3817 | D:6      | Reached skill level 5 in Shields
  3947 | D:6      | Identified a scroll of acquirement
  3967 | D:6      | Reached skill level 5 in Fighting
  4029 | D:7      | Found a burning altar of Makhleb.
  4178 | D:7      | Reached XP level 9. HP: 66/68 MP: 9/9
  4346 | D:7      | Reached skill level 4 in Axes
  4646 | D:7      | Reached ** piety under Trog
  5000 | D:8      | You fall through a shaft for 2 floors!
  5000 | D:10     | Entered Level 10 of the Dungeon
  5077 | D:9      | Found a sparkling altar of Nemelex Xobeh.
  5149 | D:9      | Reached skill level 5 in Axes
  5367 | D:8      | Noticed a two-headed ogre
  5374 | D:8      | Killed a two-headed ogre
  5374 | D:8      | Gained mutation: When seriously injured, your bleeding wounds create thick armour. (AC +9) [demonic ancestry]
  5374 | D:8      | Reached XP level 10. HP: 42/75 MP: 10/10
  5525 | D:8      | Found a basalt altar of Yredelemnul.
  5525 | D:8      | Found a flagged portal.
  5535 | Bailey   | Entered a bailey
  5616 | Bailey   | Noticed an orc knight
  5642 | Bailey   | Killed an orc knight
  5661 | Bailey   | Noticed an orc sorcerer
  5673 | Bailey   | Paralysed by an orc sorcerer for 4 turns
  5682 | Bailey   | Killed an orc sorcerer
  5682 | Bailey   | Reached *** piety under Trog
  5682 | Bailey   | Reached skill level 6 in Axes
  5704 | Bailey   | Noticed a rust devil
  5822 | Bailey   | Found an iron altar of Okawaru.
  5828 | Bailey   | Found the -2 hat of the Alchemist {rElec rPois rF+ rC+ rN+ MR+ rMut rCorr}
  5896 | Bailey   | Noticed an orc knight
  5918 | Bailey   | Killed an orc knight
  6155 | Bailey   | Reached skill level 7 in Axes
  6816 | D:8      | Found an iron altar of Okawaru.
  6864 | D:8      | Reached **** piety under Trog
  6864 | D:8      | Received a gift from Trog
  7408 | D:9      | Got a warped plate armour
  7409 | D:9      | Identified the +1 plate armour "Ihul Tue" {Str+3} (You found it on level 9 of the Dungeon)
  7800 | D:9      | Gained mutation: A weak demonic guardian rushes to your aid. [demonic ancestry]
  7800 | D:9      | Reached XP level 11. HP: 82/82 MP: 11/11
  8093 | D:10     | Found Ruci's Assorted Antiques.
  8283 | D:10     | Reached skill level 8 in Axes
  8283 | D:10     | Reached skill level 5 in Dodging
  8641 | D:10     | Reached ***** piety under Trog
  8791 | D:10     | Found a staircase to the Lair.
  9522 | D:10     | Noticed a two-headed ogre
  9525 | D:10     | Noticed a frost giant
  9527 | D:10     | Noticed a necromancer
  9543 | D:10     | Killed from afar by a frost giant

Skill      XL: |  1  2  3  4  5  6  7  8  9 10 11 |
---------------+----------------------------------+-----
Armour         | 3 4 5 6 7 |  7.7
Axes           | 2 3 5 7 8 |  8.5
Shields        | 3 4 5 6 7 |  7.3
Long Blades    | 1 2 4 5 |  5.2
Dodging        | 1 2 3 4 5 |  5.2
Fighting       | 4 5 6 |  6.9
Stealth        | 1 |  1.2
Throwing       | 1 2 3 4 |  4.3
Evocations     | |  0.7

Action                   |  1- 3 |  4- 6 |  7- 9 | 10-12 || total
-------------------------+-------+-------+-------+-------++-------
Melee: War axe           |   102 |       |   219 |   495 ||   816
       Long sword        |    21 |   139 |   164 |       ||   324
Throw: Tomahawk          |       |     3 |    18 |     7 ||    28
       Throwing net      |       |       |     8 |       ||     8
Invok: Burn Spellbooks   |       |       |       |     2 ||     2
       Trog's Hand       |       |       |       |     1 ||     1
Evoke: Wand              |       |       |     9 |     3 ||    12
  Use: Scroll            |     9 |     2 |     8 |     9 ||    28
       Potion            |     4 |     5 |     8 |     3 ||    20
 Stab: Invisible         |       |     1 |       |       ||     1
       Held in net/web   |       |       |     1 |       ||     1
       Distracted        |       |       |       |     2 ||     2
  Eat: Chunk             |     3 |     1 |     9 |    14 ||    27
       Ration            |       |     1 |       |       ||     1
Armor: Scale mail        |    69 |    33 |       |       ||   102
       Chain mail        |       |    35 |   156 |       ||   191
       Plate armour      |       |       |   207 |   170 ||   377
Dodge: Dodged            |    36 |    36 |   121 |   109 ||   302
Block: Shield            |    65 |    57 |   263 |   322 ||   707
       Reflection        |       |       |       |    13 ||    13
       Rpst.: Long sword |     2 |    14 |    20 |       ||    36
